 Dungeon Crawl Stone Soup version 0.24-a0-443-g80245de385 (webtiles) character file.

Game seed: 13280272317623943832

25 Krouwed the Sneak (level 2, -2/19 HPs)
             Began as a Vampire Enchanter on June 21, 2019.
             Slain by a kobold
             ... wielding a +2 short sword of protection
              (6 damage)
             ... on level 2 of the Dungeon.
             The game lasted 00:03:38 (623 turns).

Krouwed the Sneak (Vampire Enchanter)                Turns: 623, Time: 00:03:38

Health: -2/19      AC:  2    Str:  7    XL:     2   Next: 82%
Magic:  4/5        EV: 13    Int: 17    God:
Gold:   78         SH:  0    Dex: 14    Spells: 2/5 levels left

rFire    . . .     SeeInvis +   a - +1 dagger
rCold    . . .     Gourm    .   (no shield)
rNeg     . . .     Faith    .   b - +0 robe
rPois    .         Spirit   .   (no helmet)
rElec    .         Reflect  .   (no cloak)
rCorr    .         Harm     .   (no gloves)
MR       .....                  (no boots)
Stlth    +++.......             (no amulet)
HPRegen  0.26/turn              (no ring)
MPRegen  0.09/turn              (no ring)

@: regenerating quickly
A: no food, fangs 3, see invisible, unbreathing
a: Exsanguinate


You were on level 2 of the Dungeon.
You were alive.

You visited 1 branch of the dungeon, and saw 2 of its levels.

You collected 78 gold pieces.

Inventory:

Hand Weapons
 a - a +1 dagger (weapon)
Armour
 b - a +0 robe (worn)
Scrolls
 e - a scroll of immolation {unknown}
 i - a scroll of identify {unknown}
Potions
 c - a potion of lignification {unknown}
 d - a potion of invisibility {unknown}
 f - a potion of brilliance {unknown}
 g - a potion of curing {unknown}
 h - a potion of degeneration {unknown}


   Skills:
 + Level 1.6 Short Blades
 + Level 2.5 Dodging
 + Level 4.8 Stealth
 + Level 2.2 Spellcasting
 + Level 4.7 Hexes


You had 2 spell levels left.
You knew the following spells:

 Your Spells              Type           Power        Failure   Level  Hunger
a - Corona                Hex            ###....      2%          1    N/A
b - Ensorcelled Hibernat  Hex/Ice        ##....       11%         2    N/A

Your spell library contained the following spells:

 Spells                   Type           Power        Failure   Level  Hunger
 Confuse                  Hex            ###.....     8%          3    N/A
 Tukima's Dance           Hex            ###.....     8%          3    N/A
 Dazzling Spray           Conj/Hex       ##....       22%         3    N/A

Dungeon Overview and Level Annotations

Branches:
Dungeon (2/15)

Altars:


Innate Abilities, Weirdness & Mutations

You do not eat.
Your natural rate of healing is unusually fast.
You have razor-sharp teeth.
You have supernaturally acute eyesight. (SInv)
You can survive without breathing.


Message History

You hit the kobold but do no damage. You bite the kobold, but do no damage.
The kobold closely misses you.
You closely miss the kobold. You bite the kobold, but do no damage.
The kobold misses you.
You closely miss the kobold.
The kobold hits you with a +2 short sword of protection.
You barely miss the kobold.
The kobold hits you with a +2 short sword of protection.
Casting: Corona (safe; 2% risk of failure)
Confirm with . or Enter, or press ? or * to list all spells.
Aiming: Corona (safe; 2% risk of failure)
Press: ? - help, Shift-Dir - straight line, f - kobold
Aim: a kobold, wielding a +2 short sword of protection (chance to defeat MR: 73%)
The kobold is outlined in light.
The kobold misses you.
You hit the kobold but do no damage.
The kobold hits you with a +2 short sword of protection.
* * * LOW HITPOINT WARNING * * *
You barely miss the kobold.
The kobold hits you with a +2 short sword of protection.
You die...

#.##.........<##
..#######.##............
........................
.#...####.####......#...
.....# #(###)...#......
...... #.#.).#.##......
#...# #.#.###.#.....##
..##...##...# .....#..
.......@K..## #..#.... #
##.###..#..##..... .
##(........... #
##...........
.####.##.....#......
.......(.(..........
#...........##......
#...................
#...................


You could see a kobold.

Vanquished Creatures
  2 leopard geckos (D:1)
  3 ball pythons
  2 giant cockroaches (D:2)
  2 goblins
  6 hobgoblins
  A kobold (D:2)
  A bat (D:1)
  A frilled lizard (D:1)
18 creatures vanquished.

Notes
Turn   | Place    | Note
-------+----------+-------------------------------------------
     0 | D:1      | Krouwed the Vampire Enchanter began the quest for the Orb.
     0 | D:1      | Reached XP level 1. HP: 13/13 MP: 3/3
   170 | D:1      | Reached XP level 2. HP: 19/19 MP: 5/5
   396 | D:2      | Learned a level 2 spell: Ensorcelled Hibernation
   623 | D:2      | Slain by a kobold

Levels and vault maps discovered:
D:1:      lightli_arrival_boilingwater, layout_rooms, kennysheep_nondescript
D:2:      layout_rooms, lemuel_round_altar

Action                   || total
-------------------------++-------
Melee: Dagger            ||   105
       Bite              ||     9
 Cast: Corona            ||     2
 Stab: Sleeping          ||     3
Armor: Robe              ||    14
Dodge: Dodged            ||    69

Table legend:
 A = Non-vault XP
 B = Vault XP
 C = Vault XP percentage of total XP
 D = Non-vault monster count
 E = Vault monster count
 F = Vault count percentage of total count
                 A         B        C        D         E       F
            +---------+---------+-------+---------+---------+-------
      Total |      36 |       0 |   0.0 |      18 |       0 |   0.0
            +---------+---------+-------+---------+---------+-------
        D:1 |      24 |       0 |   0.0 |      12 |       0 |   0.0
        D:2 |      12 |       0 |   0.0 |       6 |       0 |   0.0
            +---------+---------+-------+---------+---------+-------
